 Dungeon Crawl Stone Soup version 0.19-a0-713-g934ebc7 (webtiles) character file.

3747 Laan the Destroyer (level 9, -1/45 HPs)
             Began as a Deep Elf Fire Elementalist on June 20, 2016.
             Was a Priest of Vehumet.
             Slain by a yak (18 damage)
             ... on level 9 of the Dungeon.
             The game lasted 00:22:32 (8177 turns).

Laan the Destroyer (Deep Elf Fire Elementalist)     Turns: 8177, Time: 00:22:33

Health: -1/45      AC:  7    Str:  9    XL:     9   Next: 93%
Magic:  4/26       EV: 13    Int: 24    God:    Vehumet [***...]
Gold:   371        SH:  0    Dex: 13    Spells: 4 memorised, 17 levels left

rFire  . . .     SeeInvis .     d - +1 whip (holy)
rCold  . . .     Gourm    .     a - +0 robe
rNeg   . . .     Faith    .     (no shield)
rPois  .         Spirit   .     m - +0 helmet
rElec  .         Dismiss  .     L - +2 cloak {MR+}
rCorr  .         Reflect  .     I - +0 pair of gloves "Qitirghepn" {Str+4 Dex-2}
SustAt .         Harm     .     (no boots)
MR     +....                    A - amulet of magic regeneration
Stlth  +++.......               (no ring)
                                p - ring of stealth

@: somewhat resistant to hostile enchantments, fairly stealthy
A: no striking features
a: Renounce Religion


You were on level 9 of the Dungeon.
You worshipped Vehumet.
Vehumet was most pleased with you.
You were hungry.

You visited 2 branches of the dungeon, and saw 10 of its levels.
You also visited: Ossuary.

You collected 397 gold pieces.
You spent 26 gold pieces at shops.

Inventory:

Hand Weapons
 d - a +1 whip of holy wrath (weapon)
Missiles
 B - 8 javelins (quivered)
Armour
 a - a +0 robe (worn)
 m - a +0 helmet (worn)
 I - the +0 pair of gloves "Qitirghepn" (worn) {Str+4 Dex-2}
   (You found it on level 6 of the Dungeon)

   It affects your strength (+4).
   It affects your dexterity (-2).
 L - a +2 cloak of magic resistance (worn)
Jewellery
 p - a ring of stealth (left hand)
 y - an uncursed ring of ice
 A - an amulet of magic regeneration (around neck)
Wands
 q - a wand of enslavement (14/24)
 C - a wand of digging (11/24)
 K - a wand of teleportation (5/9)
 M - a wand of lightning (4/15)
Scrolls
 h - 2 scrolls of amnesia {unknown}
 i - 4 scrolls of teleportation {unknown}
 j - 2 scrolls of enchant weapon {unknown}
 o - 6 scrolls of remove curse
 r - 9 scrolls of identify
 v - 4 scrolls of blinking {unknown}
 w - a scroll of recharging {unknown}
 G - 2 scrolls of fear {unknown}
 J - 2 scrolls of noise {unknown}
 O - a scroll of vulnerability {unknown}
 P - a scroll of silence {unknown}
Potions
 e - a potion of invisibility {unknown}
 k - 2 potions of flight
 l - a potion of magic {unknown}
 n - 2 potions of lignification {unknown}
 s - 7 potions of curing
 t - a potion of haste
 u - 2 potions of ambrosia {unknown}
 x - 3 potions of degeneration {unknown}
 z - 4 potions of cure mutation {unknown}
 D - a potion of heal wounds {unknown}
 E - a potion of brilliance
 F - a potion of might {unknown}
 H - 2 potions of cancellation {unknown}
 N - a potion of mutation {unknown}
Books
 b - a book of Flames

   Spells                             Type                      Level
   a - Flame Tongue                   Conjuration/Fire             1
   b - Throw Flame                    Conjuration/Fire             2
   c - Conjure Flame                  Conjuration/Fire             3
   d - Inner Flame                    Hexes/Fire                   3
   e - Sticky Flame                   Conjuration/Fire             4
   f - Fireball                       Conjuration/Fire             5
Comestibles
 c - 6 bread rations
 f - 5 meat rations
 g - a royal jelly


   Skills:
 - Level 2.4 Dodging
 - Level 2.4 Stealth
 + Level 11.1 Spellcasting
 * Level 12.4 Conjurations
 - Level 3.2 Fire Magic


You had 17 spell levels left.
You knew the following spells:

 Your Spells              Type           Power        Failure   Level  Hunger
a - Flame Tongue          Conj/Fire      #####        1%          1    None
b - Conjure Flame         Conj/Fire      ######..     1%          3    None
c - Sticky Flame          Conj/Fire      ######..     1%          4    None
d - Fireball              Conj/Fire      ######....   1%          5    ####...


Dungeon Overview and Level Annotations

Branches:
Dungeon (9/15)             Temple (1/1) D:6
   Lair: D:8-11         Orc: D:9-12

Altars:
Ashenzari
Cheibriados
Dithmenos
Elyvilon
Fedhas
Gozag
Hepliaklqana
Kikubaaqudgha
Makhleb
Nemelex Xobeh
Okawaru
Pakellas
Qazlal
Ru
Sif Muna
Trog
Uskayaw
Vehumet
Xom
Yredelemnul
Zin
The Shining One

Shops:
D:6 :[?%   D:7 (   D:9 [


Message History

Aim: a yak (severely wounded)
The sticky flame hits the yak.
The yak is almost dead.
The yak is covered in liquid flames!
The yak bellows!
The yak burns!
You kill the yak!
Vehumet accepts your kill.
A yak comes into view.
Casting: Sticky Flame
Confirm with . or Enter, or press ? or * to list all spells.
Aiming: Sticky Flame
Press: ? - help, Shift-Dir - straight line, f - yak
Aim: a yak (heavily wounded)
The sticky flame hits the yak.
The yak is heavily wounded.
The yak is covered in liquid flames!
The yak bellows!
The yak burns!
The yak gores you!!
You die...

#......## ...≈. #.......### .....
#..Y......## ..... ###YY.......
##### #(.......# #.... #........#
#.... #.######## ##.... . #Y#
#..... ....######@### #.....
#..........# #..... ######.....#
#.#### ##############.....#
####.#### .............#.....#
####........
.............#...(.###...........
.......).....#...................
.............#.....###...........
)....(.........#.#.# #...........


You could see 4 yaks.

Vanquished Creatures
  Grinder (D:5)
  The ghost of runewalsh the Insei, an amateur OpTm of Ru (Ossuary)
  2 yaks (D:9)
  2 necrophages
  3 phantoms
  2 ice beasts
  A black bear (D:7)
  3 orc warriors
  An ogre (D:8)
  3 centaurs
  A crocodile (D:9)
  2 giant frogs
  5 scorpions
  A water moccasin skeleton (D:6)
  2 vampire bats (D:7)
  3 howler monkeys
  A giant frog zombie (D:8)
  A centaur zombie (Ossuary)
  A crimson imp (D:6)
  A quasit (D:8)
  2 giant frog skeletons
  A human zombie (Ossuary)
  An orc priest (D:3)
  An orc wizard (D:7)
  Crazy Yiuf (D:7)
  A centaur skeleton (D:7)
  A jelly (D:9)
  A gnoll shaman (D:8)
  A hound (D:4)
  Natasha (D:2)
  An iguana (D:4)
  5 worker ants
  A big kobold zombie (Ossuary)
  7 hound zombies
  3 mummies (Ossuary)
  8 gnolls
  A howler monkey skeleton (D:5)
  10 adders
  An ooze (D:5)
  3 adder zombies
  3 worms
  A dart slug (D:3)
  4 giant geckos
  24 orcs
  2 bat skeletons (D:7)
  5 bat zombies (D:7)
  12 giant cockroaches
  7 goblins
  5 hobgoblins
  7 jackals
  7 kobolds
  3 quokkas
  3 ball pythons
  A ball python skeleton (D:4)
  8 bats
  A giant gecko skeleton (D:8)
  8 giant newts
  3 hobgoblin zombies (Ossuary)
  5 jackal zombies (Ossuary)
  2 kobold zombies (Ossuary)
  3 orc zombies (Ossuary)
  10 quokka zombies (Ossuary)
  7 rats
  A rat zombie (Ossuary)
220 creatures vanquished.

Vanquished Creatures (others)
  A giant cockroach (D:7)
  A quokka (D:7)
2 creatures vanquished.

Grand Total: 222 creatures vanquished

Notes
Turn   | Place    | Note
--------------------------------------------------------------
     0 | D:1      | Laan the Deep Elf Fire Elementalist began the quest for the Orb.
     0 | D:1      | Reached XP level 1. HP: 10/10 MP: 6/6
   224 | D:1      | Reached XP level 2. HP: 15/15 MP: 6/8
   329 | D:1      | Reached skill level 2 in Conjurations
   809 | D:2      | Reached XP level 3. HP: 19/19 MP: 8/10
  1042 | D:2      | Noticed Natasha
  1047 | D:2      | Killed Natasha
  1047 | D:2      | Reached skill level 3 in Conjurations
  1047 | D:2      | Reached XP level 4. HP: 24/24 MP: 8/12
  1618 | D:2      | HP: 1/24 [orc (1)]
  1886 | D:3      | Reached skill level 4 in Conjurations
  1973 | D:3      | Reached XP level 5. HP: 28/28 MP: 8/14
  2206 | D:3      | Learned a level 3 spell: Conjure Flame
  2211 | D:3      | Learned a level 4 spell: Sticky Flame
  2222 | D:3      | Found a glowing golden altar of the Shining One.
  2741 | D:4      | Reached skill level 5 in Spellcasting
  2761 | D:4      | Reached skill level 5 in Conjurations
  3121 | D:4      | Reached XP level 6. HP: 27/32 MP: 5/16
  3346 | D:4      | Found a basalt altar of Yredelemnul.
  3462 | D:5      | Entered Level 5 of the Dungeon
  3589 | D:5      | Found a snail-covered altar of Cheibriados.
  3763 | D:5      | Reached skill level 6 in Conjurations
  3975 | D:5      | Found a hazy altar of Hepliaklqana.
  3977 | D:5      | Found an oddly glowing altar of Pakellas.
  3977 | D:5      | Found a shattered altar of Ashenzari.
  3977 | D:5      | Found a sparkling altar of Nemelex Xobeh.
  3986 | D:5      | Found a shadowy altar of Dithmenos.
  3989 | D:5      | Found a sacrificial altar of Ru.
  4018 | D:5      | Noticed Grinder
  4025 | D:5      | Killed Grinder
  4025 | D:5      | Reached skill level 7 in Conjurations
  4025 | D:5      | Reached XP level 7. HP: 26/36 MP: 8/19
  4778 | D:6      | Found a snail-covered altar of Cheibriados.
  4811 | D:6      | Found a staircase to the Ecumenical Temple.
  4856 | Temple   | Entered the Ecumenical Temple
  4963 | Temple   | Became a worshipper of Vehumet
  5018 | D:6      | Reached skill level 8 in Conjurations
  5171 | D:6      | Found Zyrum's Armour Boutique.
  5190 | D:6      | Found Ekhlaj's Book Emporium.
  5226 | D:6      | Reached XP level 8. HP: 35/41 MP: 15/21
  5339 | D:6      | Found a glowing golden altar of the Shining One.
  5339 | D:6      | Found a white marble altar of Elyvilon.
  5340 | D:6      | Found a glowing silver altar of Zin.
  5369 | D:6      | Found Ocwulets's Food Shoppe.
  5402 | D:6      | Got a pair of polished gloves
  5408 | D:6      | Identified the +0 pair of gloves "Qitirghepn" {Str+4 Dex-2} (You found it on level 6 of the Dungeon)
  5459 | D:6      | Found Tuapp's Magic Scroll Emporium.
  5473 | D:6      | Bought a scroll of identify for 26 gold pieces
  5713 | D:6      | Learned a level 5 spell: Fireball
  5746 | D:7      | Found Vofu's Weapon Boutique.
  5765 | D:7      | Reached skill level 9 in Conjurations
  5817 | D:7      | Reached * piety under Vehumet
  5817 | D:7      | Offered knowledge of Shock by Vehumet.
  6097 | D:7      | Noticed Crazy Yiuf
  6102 | D:7      | Killed Crazy Yiuf
  6139 | D:7      | Found a deep blue altar of Sif Muna.
  6239 | D:7      | Reached skill level 10 in Conjurations
  6306 | D:7      | Found an ancient bone altar of Kikubaaqudgha.
  6393 | D:7      | Found a stormy altar of Qazlal.
  6534 | D:8      | Reached XP level 9. HP: 43/45 MP: 18/24
  6753 | D:8      | Found a sand-covered staircase.
  6764 | Ossuary  | Entered an ossuary
  6778 | Ossuary  | Noticed runewalsh's ghost (amateur OpTm)
  6791 | Ossuary  | Killed runewalsh's ghost
  6791 | Ossuary  | Reached skill level 11 in Conjurations
  6795 | Ossuary  | Offered knowledge of Throw Frost by Vehumet.
  6804 | Ossuary  | Reached ** piety under Vehumet
  6998 | Ossuary  | Reached skill level 10 in Spellcasting
  7079 | Ossuary  | Offered knowledge of Searing Ray by Vehumet.
  7163 | D:8      | Reached *** piety under Vehumet
  7990 | D:9      | Reached skill level 12 in Conjurations
  8117 | D:9      | Found Cotocs's Armour Shop.
  8177 | D:9      | Slain by a yak

Vault maps used:
D:1:      scummos_arrival_star, serial_glass, glass_columns_a, glass_columns_a,
          glass_columns_a, glass_columns_a, glass_columns_a
D:2:      grunt_ministairs_2, uniq_natasha
D:3:      first_bread, tso_metal_star
D:4:      yredelemnul_altar_generic
D:5:      minmay_overflow_temple_hex, basic_altar, feat_on_display, uniq_grinder
D:6:      good_gods_temple_1, slow_altar_2, minmay_temple_entry_glass,
          serial_shops, shop, shop, shop, shop, minmay_misc_feat_four_crosses
D:7:      grunt_qazlal_clouds, lemuel_doored_altar, kennysheep_vampire_church,
          serial_shops, shop, uniq_crazy_yiuf_cottage
D:8:      nicolae_ossuary_entry_ruins
D:9:      argonaut_augean_stables, serial_shops, shop
Temple:   grunt_temple_mini_profane_8
Ossuary:  minmay_ossuary_two_tombs

Skill      XL: |  1  2  3  4  5  6  7  8  9 |
---------------+----------------------------+-----
Conjurations   | 2 3 4 5 7 8 10 12 | 12.4
Spellcasting   | 4 5 6 7 9 11 | 11.1
Dodging        | |  2.4
Stealth        | |  2.4
Fire Magic     | |  3.2

Action                   |  1- 3 |  4- 6 |  7- 9 || total
-------------------------+-------+-------+-------++-------
Melee: Whip              |     5 |       |     4 ||     9
 Cast: Flame Tongue      |    61 |   163 |   350 ||   574
       Sticky Flame      |       |     1 |    14 ||    15
       Fireball          |       |       |     9 ||     9
       Conjure Flame     |       |       |     2 ||     2
  Use: Potion            |       |     3 |     1 ||     4
       Scroll            |       |     1 |       ||     1
 Stab: Sleeping          |     1 |       |       ||     1
  Eat: Chunk             |       |     8 |     7 ||    15
       Fruit             |       |       |     4 ||     4
       Pizza             |       |       |     2 ||     2
       Beef jerky        |       |       |     1 ||     1
Armor: Robe              |     4 |     8 |    44 ||    56
Dodge: Dodged            |    25 |    42 |    87 ||   154
